Unix NetHack Version 3.7.0-89 Work-in-progress - last build Sep 25 2023 05:26:45 (48e034876007844a536bf88644040a71d2893410,branch:master). Game began 2023-09-27 16:42:03, ended 2023-09-27 19:38:47. ranchyang96, neutral male human Tourist --------------------------------------- -----....................................`| |....`---------.--------#----------------.| ---.....|........`........................|.|--- -----.......|`------------...`.`-------------.|.|..| ----|.......---.|`|......(|..|......|...........|.|.|..| |..--.-......||.|.|.(.|...|..+......|...|...|...|.#....| ---- --...........--|.#`|...|...|..|......|...|...|.*.|.|....| |..| |............| |.|.--.---.-----......--+-|...|...|.|..--- |..| |.--.......>.| |.|............`..........--+---.--.|.-| ---- --.|--.|---......-- |.|.........{........{..............|..---- |..---- |.--..| --.|..-- |.|...........--```--.....--.---|--...<%|.-- |.....-- |.....| ------ |.|.--|------.|..`..|.----|...|...|.|.-....| |...|..-- ------- |.|.|*...|..|.|..`..|.|...|..%|...|.|......| |..---..| |.|.|....|..+.|.`_o.|.....|...|...|.|...|..| --..| --.| |.|.|...*...|.|..@..|.|...|...|.(.|.|.----.| |...| |.| |.|.---------.---a---.-------------.|%| |.----..-- |.-- |.#.................`..............`|.| |..--...| |..-- |.----------#-----.------#------.----.| --......| |...| |....`............`...................| -------- --.-- --------------------------------------- --- Ranchyang96 the Sightseer St:11 Dx:15 Co:16 In:14 Wi:7 Ch:14 Neutral S:2312 Dlvl:7 $:364 HP:0(37) Pw:20(20) AC:2 Xp:5/319 T:3619 Strained Latest messages: You hit Unagrisog of Aigrisaigris. Unagrisog of Aigrisaigris misses! You kill Unagrisog of Aigrisaigris! You have a little trouble lifting a scroll called 200 hapax. Continue? [ynq] (q) n What do you want to write with? [- amp-rux-zBDEUW-Z or ?*] - You write in the dust with your fingertip. What do you want to write in the dust here? Elbereth Something is written here in the dust. You read: "Elbereth". Something is written here in the dust. You read: "Elbereth". Something is written here in the dust. You read: "Elbereth". Something is written here in the dust. You read: "Elbereth". The gnome king turns to flee. The gnome king turns to flee. The killer bee turns to flee. You have much trouble lifting a hill orc corpse named Unagrisog of Aigrisaigris. Continue? [ynq] (q) y C - a hill orc corpse named Unagrisog of Aigrisaigris. You stagger under your heavy load. Movement is very hard. Something is written here in the dust. You read: "lb? ?". The air crackles around Aibaneog of Aigrisaigris. Aibaneog of Aigrisaigris points at you, then curses. The killer bee stings! Are you sure you want to pray? [yn] (n) y You begin praying to The Lady. The killer bee stings! Aibaneog of Aigrisaigris points at you, then curses. The killer bee stings! The killer bee stings! Aibaneog of Aigrisaigris points at you, then curses. The killer bee just misses! The killer bee stings! Aibaneog of Aigrisaigris points at you, then curses. The killer bee misses! You finish your prayer. The voice of The Lady rings out: "Thou art arrogant, mortal." "Thou must relearn thy lessons!" You feel foolish! Aloha level 6. The killer bee stings! You die... Do you want your possessions identified? [ynq] (y) y Do you want to see your attributes? [ynq] (y) y Do you want an account of creatures vanquished? [ynaq] (y) y Do you want to see your conduct and achievements? [ynq] (y) y Do you want to see the dungeon overview? [ynq] (y) y Inventory: Coins $ - 364 gold pieces Weapons a - 22 +2 darts E - a blessed +2 dagger named telepathy (weapon in hand) r - 14 +0 daggers (at the ready) z - a cursed +0 dagger X - a +0 knife Y - a blessed +3 orcish dagger W - a blessed +1 orcish dagger Z - a +0 orcish dagger B - a +0 scimitar Armor v - an uncursed +0 orcish helm (being worn) O - an uncursed +0 pair of jumping boots named 2950 (being worn) s - an uncursed +0 dwarvish roundshield A - an uncursed +0 dwarvish cloak (being worn) t - an uncursed +0 dwarvish mithril-coat (being worn) Comestibles f - an uncursed tripe ration C - an uncursed hill orc corpse named Unagrisog of Aigrisaigris Scrolls N - an uncursed scroll of remove curse Tools T - an uncursed credit card l - an expensive camera (0:63) k - an uncursed lock pick d - a +0 pick-axe (alternate weapon; not wielded) n - 2 uncursed tallow candles j - an uncursed tin whistle Gems/Stones m - an uncursed diamond u - 2 uncursed jasper stones U - 2 uncursed worthless pieces of black glass x - an uncursed worthless piece of blue glass p - an uncursed worthless piece of orange glass D - 2 uncursed worthless pieces of violet glass y - an uncursed worthless piece of yellow glass q - an uncursed worthless piece of yellowish brown glass Ranchyang96 the Tourist's attributes: Background: You were a Sightseer, a level 5 male human Tourist. You were neutral, on a mission for The Lady who was opposed by Blind Io (lawful) and Offler (chaotic). You were in the Gnomish Mines, on level 7. You entered the dungeon 3619 turns ago. You had 319 experience points, 1 more was needed to attain level 6. Your score was 2312 before end-of-game adjustments. Basics: You had 0 out of 37 hit points. You had all 20 energy points (spell power). Your armor class was 2. Your wallet contained 364 zorkmids. Autopickup was on for '$"?+!=/' plus thrown, with exceptions. Final Characteristics: Your strength was 11 (limit:18/100). Your dexterity was 15 (limit:18). Your constitution was 16 (limit:18). Your intelligence was 14 (limit:18). Your wisdom was 7 (peak:8, limit:18). Your charisma was 14 (limit:18). Final Status: You were not hungry. You were strained; movement was very slowed. You were wielding a dagger. You were skilled in dagger. Final Attributes: You were piously aligned. You were telepathic. You could jump. You were guarded. You were unlucky. The Lady was angry with you. You are dead. Miscellaneous: You disabled loading of bones levels. Total elapsed playing time was 2 hours, 56 minutes and 4 seconds. Major events: Turn 1: ranchyang96 the neutral male human Tourist entered the dungeon 761: entered the Gnomish Mines 831: attained the rank of Sightseer (level 3) 2709: reached Mine Town 3187: attained the rank of Excursionist (level 6) 3619: killed by a killer bee Vanquished creatures: a gnome ruler an Uruk-hai 2 gnome leaders a little dog a floating eye 6 dwarves a homunculus 5 hill orcs 2 giant bats a dwarf zombie 2 iguanas a hobbit a giant rat a yellow mold 2 red molds 24 gnomes a gecko 8 jackals 2 kobolds 3 goblins 5 grid bugs a lichen a kobold zombie 4 newts 77 creatures vanquished. No species were genocided or became extinct. Voluntary challenges: You read items or engraved 69 times. You engraved Elbereth 40 times. You never genocided any monsters. You never polymorphed an object. You never changed form. You used no wishes. Achievements: You entered a shop. You entered the Gnomish Mines. You attained the rank of Sightseer. You entered Minetown. You attained the rank of Excursionist. The Dungeons of Doom: levels 1 to 4 Level 1: "vault?" A fountain. Level 2: "Stash" A general store. Level 3: A scroll shop. Stairs down to The Gnomish Mines. Level 4: "Dark" Some fountains. The Gnomish Mines: levels 4 to 7 Level 4: "Dark" Level 5: Level 6: "Lit" Level 7: "orcish town" <- You were here. An altar to The Lady, some fountains. Final resting place for you, killed by a killer bee. Game over: ---------- / \ / REST \ / IN \ / PEACE \ / \ | ranchyang96 | | 364 Au | | killed by a | | killer bee | | | | | | 2023 | *| * * * | * _________)/\\_//(\/(/\)/\//\/|_)_______ Aloha ranchyang96 the Tourist... You died in The Gnomish Mines on dungeon level 7 with 2312 points, and 364 pieces of gold, after 3619 moves. You were level 5 with a maximum of 37 hit points when you died.